Map: Submarine LE

Players

SteazyD

  • Race: Terran Terran
  • League: Platinum

Mechachu - Winner!

  • Race: Terran Terran
  • League: Master

VOD

Have the link to the VOD?

Description

Time

  • Played on: April 29, 2021, 1:05 a.m.
  • Length: 7:31
Show
View Real Time Build Order
Export as new Build Order

SteazyD Terran 

Build Orders: Liberator Opening, Reaper Expand 

Get SALT Encoding   

  12  0:00  SCV  
  13  0:12  SCV  
  14  0:17  Supply Depot  
  14  0:24  SCV  
  15  0:38  SCV  
  15  0:39  Barracks  
  16  0:43  Refinery  
  16  0:51  SCV  
  17  1:03  SCV  
  19  1:25  Orbital Command  
  18  1:26  Reaper  
  19  1:37  Command Center  
  19  1:50  Supply Depot  
  19  1:58  Marine  
  20  2:06  Factory  
  20  2:09  SCV  
  21  2:20  Barracks Reactor  
  21  2:22  SCV  
  22  2:24  Refinery  
  22  2:34  SCV  
  23  2:46  SCV  
  24  2:57  Starport  
  24  3:02  Hellion  
  24  3:03  Hellion, Orbital Command  
  24  3:04  SCV  
  29  3:08  Barracks Tech Lab  
  29  3:17  SCV  
  30  3:25  Hellion x2, Supply Depot  
  34  3:29  SCV  
  35  3:35  Marine, Liberator  
  39  3:50  Stimpack  
  39  4:04  Hellion x2  
  43  4:10  Command Center  
  43  4:12  SCV  
  43  4:15  SCV  
  45  4:28  SCV x2  
  47  4:31  Marine  
  48  4:40  SCV x2  
  48  4:42  Starport Reactor  
  50  4:45  Barracks  
  50  4:50  Factory Tech Lab  
  50  4:53  Barracks  
  50  4:54  Engineering Bay x2, SCV  
  51  5:02  Marine  
  52  5:07  SCV x2  
  54  5:14  Supply Depot  
  54  5:15  Refinery  
  54  5:17  Refinery  
  54  5:22  SCV x2  
  54  5:23  Terran Infantry Weapons Level 1  
  56  5:33  Marine x3  
  56  5:34  Siege Tank  
  56  5:35  Medivac  
  64  5:42  Combat Shield  
  64  5:44  Barracks Reactor  
  64  5:46  SCV x2  
  66  5:51  Orbital Command  
  66  5:52  Marine x2  
  68  5:58  SCV  
  68  6:08  SCV  
  68  6:09  Marine  
  68  6:10  Siege Tank, Marine, SCV  
  75  6:11  Medivac  
  75  6:18  Supply Depot x2  
  77  6:37  Supply Depot  
  77  6:39  Marine x5, SCV x3  
  85  6:40  Medivac  
  85  6:42  Medivac  
  89  6:51  SCV x2  
  92  6:55  Orbital Command  
  92  6:57  Marine x2  
  92  6:58  Siege Tank, Marine  
  97  7:03  SCV x2  
  100  7:28  Supply Depot  
  100  7:29  Supply Depot  
Show
View Real Time Build Order
Export as new Build Order

Mechachu Terran - Winner!

Build Orders: Liberator Opening, Reaper Expand 

Get SALT Encoding   

  12  0:00  SCV  
  13  0:12  SCV  
  14  0:17  Supply Depot  
  14  0:24  SCV  
  15  0:39  SCV  
  15  0:40  Barracks  
  16  0:44  Refinery  
  16  0:51  SCV  
  17  1:03  SCV  
  18  1:15  SCV  
  19  1:29  Reaper, Orbital Command  
  20  1:40  Command Center  
  20  1:51  Supply Depot  
  20  1:54  SCV  
  20  2:01  Marine  
  21  2:04  Factory  
  21  2:07  SCV  
  23  2:10  Refinery  
  23  2:19  SCV  
  23  2:22  Barracks Reactor  
  24  2:31  SCV  
  25  2:43  SCV  
  26  2:49  Starport  
  26  2:52  Orbital Command  
  26  2:55  SCV  
  27  3:03  Hellion x2  
  31  3:07  SCV  
  32  3:14  Supply Depot  
  32  3:17  Barracks Tech Lab  
  32  3:18  SCV  
  32  3:19  SCV  
  34  3:27  Liberator  
  34  3:28  Hellion  
  34  3:30  Hellion  
  34  3:32  SCV  
  43  3:34  SCV  
  43  3:36  Marine  
  43  3:40  Supply Depot  
  44  3:42  Stimpack  
  44  3:44  SCV  
  44  3:47  SCV  
  46  3:49  Hellion  
  46  3:53  Hellion  
  49  4:04  SCV x2  
  51  4:16  SCV  
  52  4:17  SCV  
  52  4:20  Barracks  
  52  4:21  Command Center  
  53  4:27  Barracks  
  53  4:28  SCV  
  53  4:29  Supply Depot  
  54  4:31  Starport Reactor  
  54  4:32  Factory Tech Lab  
  54  4:33  SCV  
  55  4:39  Marine, Supply Depot  
  55  4:42  SCV  
  57  4:46  SCV  
  57  4:53  Refinery  
  57  4:54  SCV  
  57  4:56  Refinery  
  57  4:58  Marine, SCV  
  59  5:06  SCV  
  60  5:11  SCV  
  61  5:14  Siege Tank  
  61  5:18  Engineering Bay  
  61  5:19  SCV  
  61  5:21  Engineering Bay  
  65  5:22  Starport Reactor, Marine  
  65  5:23  SCV  
  67  5:31  SCV  
  67  5:32  Marine x4  
  67  5:35  SCV  
  73  5:36  Orbital Command  
  73  5:40  Marine  
  74  5:43  SCV  
  74  5:46  Siege Tank  
  78  5:50  Marine  
  78  5:51  SCV  
  78  5:54  Marine x3  
  83  5:57  Marine  
  83  5:58  SCV  
  83  6:02  Supply Depot  
  85  6:07  SCV  
  85  6:08  Marine  
  88  6:12  Marine  
  88  6:14  Supply Depot x2, SCV  
  88  6:15  Orbital Command  
  88  6:18  Marine x3  
  91  6:24  Medivac x2, Siege Tank  
  99  6:29  SCV  
  99  6:30  SCV  
  101  6:33  Supply Depot  
  101  6:36  Marine  
  101  6:37  Marine x3  
  105  6:44  SCV x3  
  105  6:45  Marine, Refinery  
  109  6:49  Refinery  
  109  6:53  Armory  
  109  6:56  SCV x3  
  109  7:00  Marine x4  
  116  7:03  Marine  
  117  7:10  SCV x3  
  117  7:15  Barracks  
  120  7:16  Barracks  
  120  7:19  Supply Depot x2  
  120  7:22  Supply Depot  
  125  7:25  Factory  
  125  7:28  Supply Depot  
Tags
 
Add a new tag
Caveats
  • Supply blocks, unpowered buildings, or Contaminate may cause inaccurate times.
  • Supply counts are checked every 10 seconds.